 Dungeon Crawl Stone Soup version 0.21.1 (webtiles) character file.

11790065 Mgcat the Conqueror (level 27, 199/199 HPs)
             Began as a Gargoyle Fighter on Feb 2, 2018.
             Was the Champion of Ru.
             Escaped with the Orb
             ... and 15 runes on Feb 4, 2018!
             The game lasted 08:21:07 (139990 turns).

Mgcat the Conqueror (Gargoyle Fighter)            Turns: 139990, Time: 08:21:08

Health: 199/199    AC: 64    Str: 28 (32) XL:     27
Magic:  47/47      EV: 30    Int:  6 (9)  God:    Ru [******]
Gold:   15776      SH: 19    Dex: 22      Spells: 76/76 levels left

rFire    + + +     SeeInvis +   v - +9 eveningstar (holy)
rCold    + + +     Gourm    .   l - +3 warlock's mirror {reflect}
rNeg     + + +     Faith    .   u - +9 plate armour of the Princess {+Fly rElec rF++ Str+4}
rPois    ∞         Spirit   .   J - +2 helmet of the Oligarchy {rElec rCorr Int-5 Dex+5}
rElec    +         Reflect  +   g - scarf {repulsion}
rCorr    +         Harm     .   L - +2 pair of gloves {Dex+3}
MR       +++++     Clarity  +   W - +2 pair of boots {run}
Stlth    ..........             o - amulet of the Four Winds {rN+ MR+++ Clar}
HPRegen  0.43/turn              A - ring of Vuux {rC+ rN+ MR+ Int+2 SInv}
MPRegen  0.30/turn              a - ring of Ydaeshru {rF+ rC+ Str+3 Stlth+}

@: flying, studying Unarmed Combat, drained, repel missiles, quick
A: big wings, hooves 2, large bone plates 1, berserk 1, blurry vision 2, cold
resistance 1, deterioration 2, low mp 1, negative energy resistance 1, sense
surroundings 1, electricity resistance, unbreathing, petrification resistance,
no potion heal 2, rot immunity, no stealth, inability to use devices, hated by
all, no fire magic, no translocations magic, no transmutations magic, MP-powered
wands, unskilled 1, AC +20
0: Orb of Zot
}: 15/15 runes: decaying, slimy, silver, golden, iron, obsidian, icy, bone,
abyssal, demonic, glowing, magical, fiery, dark, gossamer
a: Stop Flying, Draw Out Power, Power Leap, Apocalypse, Renounce Religion


You escaped.
You worshipped Ru.
Ru was exalted by your worship.
You were very full.

You visited 17 branches of the dungeon, and saw 89 of its levels.
You visited Pandemonium 1 time, and saw 21 of its levels.
You visited the Abyss 2 times.
You also visited: Labyrinth, Trove and Ice Cave.

You collected 19079 gold pieces.
You spent 3303 gold pieces at shops.

Inventory:

Hand Weapons
 v - a +9 eveningstar of holy wrath (weapon)
Armour
 g - a scarf of repulsion (worn)
 l - the +3 warlock's mirror (worn) {reflect}
   (You found it on level 12 of the Dungeon)
 u - the +9 plate armour of the Princess (worn) {+Fly rElec rF++ Str+4}
   (You found it on level 2 of the Vaults)

   It affects your strength (+4).
   It greatly protects you from fire.
   It insulates you from electricity.
   It lets you fly.
 J - the +2 helmet of the Oligarchy (worn) {rElec rCorr Int-5 Dex+5}
   (You found it on level 2 of the Elven Halls)

   It affects your intelligence (-5).
   It affects your dexterity (+5).
   It insulates you from electricity.
   It protects you from acid and corrosion.
 L - a +2 pair of gloves of dexterity (worn)
 W - a +2 pair of boots of running (worn)
Jewellery
 a - the ring of Ydaeshru (right hand) {rF+ rC+ Str+3 Stlth+}
   (You found it in a labyrinth)

   [ring of strength]

   It affects your strength (+3).
   It protects you from fire.
   It protects you from cold.
   It makes you more stealthy.
 o - the amulet of the Four Winds (around neck) {rN+ MR+++ Clar}
   (You found it on level 7 of Tartarus)

   [amulet of nothing]

   It protects you from negative energy.
   It affects your resistance to hostile enchantments.
   It protects you against confusion.
 r - a +5 amulet of reflection
 A - the ring of Vuux (left hand) {rC+ rN+ MR+ Int+2 SInv}
   (You bought it in a shop on level 2 of the Orcish Mines)

   [ring of positive energy]

   It affects your intelligence (+2).
   It protects you from cold.
   It protects you from negative energy.
   It affects your resistance to hostile enchantments.
   It lets you see invisible.
 R - an uncursed amulet of regeneration
Scrolls
 d - 15 scrolls of blinking
 e - 7 scrolls of fog
 p - 10 scrolls of enchant weapon
 t - 40 scrolls of remove curse
 y - 7 scrolls of enchant armour
 B - 23 scrolls of teleportation
 C - a scroll of holy word
 D - 2 scrolls of silence
 E - 7 scrolls of magic mapping
 H - 14 scrolls of fear
 I - 9 scrolls of brand weapon
 M - 5 scrolls of identify
Potions
 i - 11 potions of magic
 j - 2 potions of resistance
 m - 4 potions of mutation
 n - a potion of ambrosia
 s - 12 potions of cancellation
 x - 3 potions of haste
 z - 2 potions of might
 G - 2 potions of invisibility
 K - 3 potions of agility
Books
 F - a manual of Unarmed Combat
Miscellaneous
 c - a figurine of a ziggurat
Comestibles
 f - 52 rations


   Skills:
 O Level 27(26.6) Fighting
 O Level 27(26.6) Maces & Flails
 O Level 27(26.6) Armour
 O Level 27(26.6) Dodging
 O Level 27(26.6) Shields
 + Level 25.3(25.0) Spellcasting


You had 76 spell levels left.
You didn't know any spells.

Dungeon Overview and Level Annotations

Branches:
Dungeon (15/15)            Temple (0/1) D:4            Lair (6/6) D:10
  Swamp (4/4) Lair:2       Spider (4/4) Lair:4        Slime (5/5) Lair:6
    Orc (2/2) D:12            Elf (3/3) Orc:2        Vaults (5/5) D:13
  Crypt (3/3) Vaults:3       Tomb (3/3) Crypt:3      Depths (5/5) D:15
   Hell (1/1)                 Dis (7/7) Hell            Geh (7/7) Hell
    Coc (7/7) Hell            Tar (7/7) Hell            Zot (5/5) Depths:5

Altars:
Ashenzari
Cheibriados
Dithmenos
Elyvilon
Fedhas
Kikubaaqudgha
Nemelex Xobeh
Okawaru
Qazlal
Ru
Sif Muna
Uskayaw
Xom
Zin
The Shining One
Beogh
Jiyva

Shops:
D:10 [   Orc:2 ((=*   Elf:2 ?   Elf:3 (   Vaults:2 *   Vaults:3 ?
Depths:2 %%*   Depths:3 *   Depths:4 =

Portals:
Hell: Depths:1 Depths:2 Depths:3 Depths:4 Depths:5
Abyss: Depths:4
Pandemonium: Depths:1 Depths:3
Ziggurat: Depths:3

Annotations:
D:8 exclusion: orange crystal statue
Depths:4 1 transporter
Zot:1 1 transporter
Zot:3 2 transporters, exclusion: obsidian statue


Innate Abilities, Weirdness & Mutations

You are resistant to torment.
Your stone body is resilient. (AC +20)
You are immune to poison.
Your large and strong wings let you fly indefinitely.
Your magical capacity is low. (-10% MP)
You resist negative energy. (rN+)
You are resistant to electric shocks. (rElec)
You can survive without breathing.
You are immune to petrification.
You are immune to rotting.
You cannot be stealthy.
You cannot study or use magical devices.
You are hated by all.
You cannot study or cast Fire magic.
You cannot study or cast Translocations magic.
You cannot study or cast Transmutations magic.
You are somewhat unskilled. (-1 Apt)
You have hoof-like feet.
You are partially covered in large bone plates. (SH +4)
You tend to lose your temper in combat.
Scrolls take you longer to read.
Your flesh is cold resistant. (rC+)
Your body often deteriorates upon taking damage.
You passively map a small area around you.
Potions are poor at restoring your health.
You expend magic power (3 MP) to strengthen your wands.


Message History

(N) Spider Nest (M) Slime Pits (O) Orcish Mines (E) Elven Halls (V) Vaults (C) Crypt (W) Tomb (U) Depths (H) Hell (I) Dis (G) Gehenna (X) Cocytus (Y) Tartarus (Z) Zot
Where to? (Enter - D:1, ? - help)
There is an open door here.
There is a stone staircase leading up here.
You fly upwards.
There is a stone staircase leading down here.
As you open the door, it creaks loudly!
There is an open door here.
There is a stone staircase leading up here.
You fly upwards.
There is a stone staircase leading down here.
There is a stone staircase leading up here.
You fly upwards.
There is a stone staircase leading down here.
There is a fountain of clear blue water here.
There is a staircase leading out of the dungeon here.
You have escaped!

###########.# #.......# ####.#
###### #.# #.#...#.# ####.#
.....# #.# #.#...#.###.....
####.######.######.#.........##.#
#.......(............^...###.##.#
..##.####..##♣♣♣.♣♣♣##...# #.##..
####.# #..# ♣⌠♣ #...###.####
####.# #..♣♣♣♣♣.♣♣♣♣♣..#......).
.....# #.....⌠.@.⌠.....#.#....#.
###### #..♣♣♣♣♣.♣♣♣♣♣..#.#......
#..# ♣⌠♣ #....>......
#..##♣♣♣.♣♣♣##.......>...
#...............#........
##..##.###....#####...).. #...#.#
##.....# #...##. #.#.#.# #.....#
##...#. #.#.#.# #.....# #.....


There were no monsters in sight!

Vanquished Creatures
  Cerebov (Pan)
  Antaeus (Coc:7)
  the Royal Jelly (Slime:5)
  Asmodeus (Geh:7)
  Gloorx Vloq (Pan)
  Ereshkigal (Tar:7)
  the Serpent of Hell (Geh:7)
  14 pandemonium lords
  Lom Lobon (Pan)
  Mnoleg (Pan)
  The ghost of Baril the Petrodigitator, a legendary GrEE of Vehumet (Pan)
  Dispater (Dis:7)
  Khufu (Tomb:3)
  3 orbs of fire
  Mara (Crypt:1)
  Mennas (Tomb:1)
  7 ancient liches
  31 greater mummies
  Sojobo (Depths:4)
  Boris (Crypt:3)
  35 shard shrikes
  Bai Suzhen (Crypt:1)
  Saint Roka (Elf:2)
  6 Killer Klowns
  3 caustic shrikes (Depths:5)
  Xtahua (Vaults:2)
  4 curse toes
  The ghost of Megalobster the Opulent, a veteran GnTm of Gozag (Slime:5)
  Nikola (Swamp:3)
  9 golden dragons
  Geryon (Hell)
  Arachne (Spider:4)
  9 doom hounds
  18 bone dragons
  3 electric golems (Zot:5)
  33 Brimstone Fiends
  Rupert (Orc:2)
  8 iron giants
  40 Tzitzimimeh
  3 hellephants (Abyss:3)
  16 liches
  31 Ice Fiends
  18 tentacled monstrosities
  Jorgrun (Swamp:4)
  23 Orb Guardians (Zot:5)
  3 deep elf blademasters
  Asterion (Depths:2)
  19 Hell Sentinels
  36 acid blobs
  2 deep elf master archers (Elf:3)
  6 eldritch tentacles
  15 sphinxes
  12 ancient champions
  26 tentacled starspawn
  15 quicksilver dragons
  35 Executioners
  Frances (Lair:4)
  A titan (Vaults:5)
  8 tengu reavers
  6 death cobs
  9 shadow dragons
  Roxanne (Spider:1)
  4 revenants
  9 storm dragons
  10 draconian monks
  4 thorn hunters
  Donald (Swamp:1)
  20 azure jellies
  11 fire giants
  12 vault wardens
  14 frost giants
  6 draconian scorchers
  7 iron dragons
  A fire giant (shapeshifter) (Vaults:5)
  18 cacodemons
  Louise (Swamp:1)
  9 draconian shifters
  9 ghost moths
  8 deep elf sorcerers
  Aizul (Swamp:2)
  17 warmongers (Pan)
  9 emperor scorpions
  44 balrugs
  2 draconian stormcallers
  2 juggernaut zombies (Hell)
  3 curse skulls
  42 very ugly things
  9 draconian knights
  8 ghouls (Crypt:2)
  2 spriggan defenders
  71 reapers
  17 stone giants
  2 deep elf elementalists
  10 ironheart preservers
  6 elemental wellsprings
  9 draconian annihilators
  27 war gargoyles
  8 bennus
  9 entropy weavers
  11 green draconians
  19 blood saints (Pan)
  15 corrupters (Pan)
  18 black suns (Pan)
  10 purple draconians
  3 black draconians
  11 vampire knights
  8 deep elf demonologists
  12 deep elf annihilators
  20 lorocyprocas
  15 white draconians
  14 red draconians
  9 spark wasps
  14 yellow draconians
  2 eidola
  A minotaur (Lab)
  35 mummy priests
  8 ettins
  34 blizzard demons
  6 death oozes
  11 deep elf death magi
  16 ogre magi
  9 fire dragons
  3 quicksilver dragon zombies
  16 green deaths
  14 jiangshi
  11 great orbs of eyes
  27 ice dragons
  4 deep elf high priests
  17 yaktaur captains
  9 rakshasas
  A kraken zombie (Coc:6)
  4 ghost crabs
  21 hydras
  31 vault guards
  3 quicksilver dragon skeletons
  3 spriggan air magi
  4 catoblepae
  6 centaur warriors
  14 monstrous demonspawn (Pan)
  9 hell beasts
  53 two-headed ogres
  A queen ant (Spider:2)
  A satyr (shapeshifter) (Depths:2)
  6 alligators
  7 deep troll shamans
  29 dancing weapons
  11 vampire magi
  29 small abominations
  63 death scarabs
  6 deep troll earth magi
  11 death yaks (Lair:6)
  7 tengu warriors
  18 hell hogs
  17 thrashing horrors
  8 titan zombies
  102 soul eaters
  3 orc high priests (Orc:1)
  5 spriggan berserkers
  20 hell knights
  24 deep elf knights
  110 sun demons
  11 iron golems
  6 storm dragon zombies
  17 wretched stars
  Nergalle (Lair:2)
  A fire crab (shapeshifter) (Depths:1)
  12 titan skeletons
  17 iron trolls
  5 spatial maelstroms
  3 ghost moth zombies
  8 shadow wraiths
  A fire crab (Geh:4)
  6 shambling mangroves
  12 anaconda zombies
  A death drake (Abyss:3)
  130 skeletal warriors
  9 storm dragon skeletons
  8 unseen horrors
  31 sixfirhies
  6 golden dragon zombies
  18 gelid demonspawn
  8 glowing orange brains
  16 deep trolls
  An orange crystal statue (Depths:2)
  14 swamp dragons
  2 spriggan druids
  15 deep elf archers
  39 shadow demons
  19 infernal demonspawn (Pan)
  3 kraken simulacra (Coc:7)
  10 wizards
  14 flayed ghosts
  A sphinx zombie (Hell)
  11 necromancers
  20 torturous demonspawn (Pan)
  12 harpies
  A swamp dragon (shapeshifter) (Depths:2)
  18 phantasmal warriors
  4 wolf spider zombies
  9 orc knights
  5 anaconda skeletons
  13 ironbrand convokers
  2 orb spiders (shapeshifter)
  9 shadow dragon skeletons
  11 shadow dragon zombies
  6 golden dragon skeletons
  4 oklob plants (Lair:6)
  62 deep elf magi
  A shining eye (shapeshifter) (Vaults:5)
  4 iron dragon zombies
  32 orb spiders
  11 stone giant zombies
  5 orc sorcerers
  3 cyclopes
  8 shining eyes
  4 frost giant zombies
  9 fire giant zombies
  27 wolf spiders
  A salamander (Abyss:3)
  A tengu skeleton (Vaults:1)
  44 ugly things
  6 worldbinders (Abyss:3)
  14 fire giant skeletons
  23 moths of wrath
  A manticore (D:13)
  A sphinx skeleton (Crypt:2)
  2 guardian serpents
  3 black mambas
  5 stone giant skeletons
  3 apocalypse crabs (Abyss:3)
  A naga mage (Abyss:3)
  2 shock serpent zombies
  33 orange demons
  7 ice statues
  A centaur zombie (D:13)
  9 frost giant skeletons
  8 iron dragon skeletons
  2 orc zombies
  17 elephants
  61 rust devils
  7 vault sentinels
  92 smoke demons
  10 dire elephant zombies
  6 titan simulacra (Coc:7)
  2 catoblepas zombies
  3 molten gargoyles
  Psyche (D:8)
  7 centaur skeletons
  7 gargoyles
  2 shock serpent skeletons
  4 torpor snails (Lair:2)
  A torpor snail (shapeshifter) (Vaults:1)
  3 eyes of devastation
  53 hellions
  3 spiny frogs (shapeshifter)
  5 dire elephant skeletons
  3 emperor scorpion zombies
  11 spectral swamp worms (Tar:7)
  26 spiny frogs
  37 yaktaurs
  6 storm dragon simulacra
  54 freezing wraiths
  A kobold demonologist (D:12)
  8 efreet
  54 demonic crawlers
  46 hellwings
  A yaktaur zombie (Hell)
  11 komodo dragons
  8 catoblepas skeletons
  69 ice devils
  A golden dragon simulacrum (IceCv)
  15 hydra zombies
  53 tormentors
  A spriggan skeleton (Depths:1)
  13 ancient zymes
  A queen bee (D:9)
  4 harpy zombies
  A minotaur zombie (Dis:6)
  6 anaconda simulacra
  52 guardian mummies
  42 jumping spiders
  64 red devils
  5 silent spectres
  A polar bear (Lair:6)
  15 trolls
  24 hornets
  A meliai (shapeshifter) (Vaults:2)
  50 raiju
  14 bog bodies
  A slime creature (shapeshifter) (Vaults:5)
  A wolf spider simulacrum (Abyss:3)
  7 alligator zombies
  9 tyrant leeches
  A dream sheep (Lair:5)
  An iron dragon simulacrum (Coc:3)
  132 slime creatures
  21 ettin zombies
  8 harpy skeletons
  2 meliai zombies
  3 spriggan zombies
  11 hydra skeletons
  A satyr zombie (Crypt:1)
  17 blink frogs
  6 fire dragon zombies
  5 hippogriffs
  A raiju (shapeshifter) (Elf:3)
  5 alligator skeletons
  5 ice dragon zombies
  5 ice dragon skeletons
  10 air elementals
  171 flying skulls
  2 centaur simulacra (D:15)
  129 starcursed masses
  2 black mamba zombies
  28 spriggans
  17 ushabtiu
  18 fire dragon skeletons
  71 ynoxinuls
  37 tarantellas
  47 wraiths
  3 wyverns
  6 ettin skeletons
  2 vampires
  73 redbacks
  2 dire elephant simulacra
  35 shadows
  A tarantella (shapeshifter) (D:13)
  A shock serpent simulacrum (Tar:2)
  A human (shapeshifter) (Vaults:4)
  17 water elementals
  11 hungry ghosts
  7 fire bats
  11 golden eyes
  56 neqoxecs
  37 yaks
  5 basilisks
  24 fire elementals
  2 black mamba skeletons
  Edmund (D:6)
  29 vampire mosquitoes
  64 chaos spawn
  2 wargs
  3 harpy simulacra
  2 iron troll simulacra (IceCv)
  6 spatial vortices
  6 insubstantial wisps
  10 soldier ants
  16 swamp worms
  10 water moccasins
  3 acid dragons
  3 nagas (Abyss:3)
  14 hydra simulacra
  63 hell hounds
  6 spiny frog skeletons
  18 spiny frog zombies
  Duvessa (D:5)
  2 floating eyes
  A merfolk skeleton (Tar:7)
  A floating eye (shapeshifter) (Depths:5)
  94 large abominations
  2 sky beasts
  10 swamp drakes
  4 porcupines
  A swamp drake (shapeshifter) (Elf:3)
  An ettin simulacrum (IceCv)
  2 black bears (shapeshifter)
  23 necrophages
  38 orc warriors
  A fire dragon simulacrum (Coc:3)
  A spriggan simulacrum (Depths:1)
  12 ice beasts
  An ice dragon simulacrum (Coc:3)
  A swamp dragon zombie (Dis:7)
  8 eyes of draining
  8 phantoms
  2 black bears
  2 centaurs
  43 ogres
  4 snapping turtle skeletons
  8 snapping turtle zombies
  2 manticore zombies
  30 wolves
  6 boggarts
  4 swamp dragon skeletons
  12 crocodiles
  A crocodile (shapeshifter) (D:15)
  3 manticore skeletons
  10 big kobolds
  An elf zombie (Elf:1)
  A wyvern zombie (D:7)
  26 bullfrogs
  An elf skeleton (Geh:7)
  14 earth elementals
  4 human simulacra
  A spiny frog simulacrum (Coc:7)
  Dowan (D:5)
  A wyvern skeleton (D:12)
  A hornet simulacrum (D:15)
  6 scorpions
  A troll zombie (Geh:4)
  A water moccasin skeleton (Crypt:2)
  A yak zombie (Crypt:2)
  24 killer bees
  48 wights
  A polar bear skeleton (Crypt:1)
  A swamp dragon simulacrum (Abyss:3)
  4 electric eels
  3 troll skeletons
  The ghost of Andry07 the Skirmisher, a weakling GrFi (D:3)
  23 crimson imps
  2 bullfrog zombies
  9 quasits
  A yaktaur simulacrum (Vaults:1)
  A human zombie (Dis:4)
  7 hounds
  20 jellies
  21 orc priests
  23 orc wizards
  A bullfrog skeleton (D:12)
  64 iron imps
  2 human skeletons
  7 iguanas
  26 worker ants
  A deep dwarf zombie (Crypt:2)
  2 tengu zombies
  A demigod zombie (Crypt:1)
  2 naga skeletons
  2 hound skeletons
  69 mummies
  18 adders
  8 gnolls
  15 shadow imps
  27 white imps
  2 oozes
  5 ufetubi
  A lava snake zombie (Crypt:1)
  An adder skeleton (D:8)
  A lava snake skeleton (Crypt:1)
  3 worms
  4 ball lightnings (Pan)
  A dart slug (D:3)
  4 leopard geckos
  81 orcs
  4 giant cockroaches
  7 goblins
  7 hobgoblins
  10 jackals
  A quokka (D:5)
  2 ball pythons
  2 bats
  4 frilled lizards
  A giant cockroach zombie (D:5)
  19 kobolds
  A kobold zombie (Dis:7)
  A leopard gecko zombie (D:7)
  An orc skeleton (Tar:3)
  9 rats
  3 crawling corpses
  A fire vortex (Pan)
  A lurking horror (Abyss:3)
  10 starspawn tentacles
  4 tentacles
6239 creatures vanquished.

Vanquished Creatures (others)
  An ancient lich (Zot:5)
  2 shard shrikes
  A Brimstone Fiend (Geh:7)
  A Hell Sentinel (Pan)
  A tentacled monstrosity (Zot:3)
  2 Orb Guardians (Zot:5)
  An acid blob (Slime:5)
  A tentacled starspawn (Abyss:3)
  An eldritch tentacle (Pan)
  A frost giant (Depths:4)
  3 fire giants
  A draconian knight (Zot:2)
  2 balrugs (Pan)
  A ghoul (Crypt:2)
  A deep elf elementalist (Elf:3)
  A cacodemon (Pan)
  2 elemental wellsprings
  2 ironheart preservers (Vaults:3)
  2 very ugly things (Depths:5)
  2 reapers
  An entropy weaver (Lair:4)
  A deep elf demonologist (Vaults:5)
  A green draconian (Depths:5)
  A stone giant (Depths:3)
  2 deep elf annihilators (Elf:3)
  2 spark wasps
  2 green deaths (Pan)
  3 yaktaur captains
  A rakshasa (Pan)
  A hydra (Swamp:1)
  A hell beast (Pan)
  An ice dragon (Depths:1)
  2 two-headed ogres
  A dancing weapon (Elf:2)
  A tengu warrior (Depths:2)
  An ogre mage (Vaults:3)
  2 deep troll earth magi
  A hell hog (Geh:2)
  A thrashing horror (Abyss:3)
  3 death scarabs (Tomb:3)
  3 deep elf knights (Elf:2)
  2 sun demons
  A skeletal warrior (Dis:7)
  An iron golem (Dis:7)
  An iron troll (Dis:2)
  A sixfirhy (Pan)
  A cherub (Pan)
  A deep troll (Depths:1)
  2 glowing orange brains
  A swamp dragon (Swamp:4)
  2 wizards
  4 deep elf archers
  An orc knight (D:15)
  A necromancer (Tar:2)
  A wolf spider (Spider:1)
  A mana viper (Abyss:3)
  3 deep elf magi
  A frost giant zombie (Tomb:2)
  A rust devil (Dis:7)
  A torpor snail (Lair:2)
  A frost giant skeleton (Tomb:2)
  2 smoke demons
  2 vault sentinels
  2 spiny frogs (Swamp:1)
  A gargoyle (D:14)
  An orange demon (Pan)
  A titan simulacrum (Coc:7)
  A hellion (Dis:7)
  5 yaktaurs
  An ancient zyme (Abyss:3)
  A red devil (Pan)
  2 trolls
  2 guardian mummies (Tomb:2)
  6 hornets
  2 jumping spiders
  2 bog bodies
  2 raiju (Abyss:3)
  2 large abominations (Abyss:3)
  A fire dragon zombie (Tomb:1)
  4 slime creatures
  An ice dragon skeleton (Tomb:2)
  A tarantella (Spider:2)
  2 starcursed masses (Abyss:3)
  2 air elementals (Abyss:3)
  4 flying skulls
  An alligator skeleton (Coc:4)
  3 redbacks
  A shadow (Geh:4)
  A water elemental (Hell)
  A yak (Lair:6)
  A spriggan (Swamp:2)
  2 ynoxinuls (Pan)
  A chaos spawn (Abyss:3)
  2 golden eyes
  A fire elemental (Geh:7)
  A fire bat (Abyss:2)
  A vampire mosquito (Lair:6)
  An insubstantial wisp (Swamp:2)
  An acid dragon (Vaults:1)
  A swamp worm (Swamp:2)
  A hell hound (Geh:5)
  An orc warrior (D:15)
  2 swamp drakes
  3 small abominations (Abyss:3)
  2 necrophages
  2 ogres
  A wight (Tar:1)
  A crimson imp (Geh:4)
  3 orc wizards
  3 iron imps
  A spriggan simulacrum (Hell)
  An ogre skeleton (Lab)
  4 mummies (Tomb:2)
  An adder (D:12)
  A white imp (Coc:7)
  12 orcs
  A hobgoblin (D:8)
  A kobold (D:10)
  An orc simulacrum (Abyss:3)
  4 briar patches
  19 bushes (Depths:1)
  3 crawling corpses
  3 demonic plants (Pan)
  A fire vortex (Geh:7)
  13 fungi
  5 lurking horrors (Abyss:3)
  48 plants
  81 starspawn tentacles
  28 tentacles
405 creatures vanquished.

Grand Total: 6644 creatures vanquished

Notes
Turn   | Place    | Note
-------+----------+-------------------------------------------
     0 | D:1      | Mgcat the Gargoyle Fighter began the quest for the Orb.
     0 | D:1      | Reached XP level 1. HP: 14/14 MP: 1/1
   170 | D:1      | Reached XP level 2. HP: 19/19 MP: 2/2
   965 | D:2      | Reached XP level 3. HP: 15/24 MP: 3/3
  1441 | D:2      | Found a faded altar of an unknown god.
  1529 | D:2      | Became a worshipper of Ru the Awakened
  1535 | D:2      | Gained mutation: You cannot be stealthy. [Ru sacrifice]
  1978 | D:3      | Found a shattered altar of Ashenzari.
  1987 | D:3      | Reached XP level 4. HP: 24/30 MP: 4/4
  2060 | D:3      | Found a glowing golden altar of the Shining One.
  2141 | D:3      | Found a stormy altar of Qazlal.
  2487 | D:3      | Noticed Andry07's ghost (weakling GrFi)
  2494 | D:3      | Killed Andry07's ghost
  2494 | D:3      | Reached skill level 5 in Fighting
  2494 | D:3      | Reached XP level 5. HP: 25/35 MP: 5/5
  3194 | D:4      | Noticed an ogre
  3202 | D:4      | Killed an ogre
  3202 | D:4      | Reached XP level 6. HP: 25/41 MP: 6/6
  3582 | D:4      | Reached skill level 5 in Maces & Flails
  3766 | D:4      | Gained mutation: You are somewhat unskilled. (-1 Apt) [Ru sacrifice]
  3766 | D:4      | Reduced skill Fighting to level 5
  3766 | D:4      | Reached * piety under Ru
  3766 | D:4      | Reached ** piety under Ru
  4063 | D:4      | Reached XP level 7. HP: 34/45 MP: 7/7
  4138 | D:4      | Found a staircase to the Ecumenical Temple.
  4569 | D:4      | Reached skill level 5 in Maces & Flails
  4635 | D:4      | Found a glowing silver altar of Zin.
  4789 | D:5      | Entered Level 5 of the Dungeon
  4917 | D:5      | Noticed Duvessa
  4918 | D:5      | Noticed Dowan
  4945 | D:5      | Killed Duvessa
  4961 | D:5      | Killed Dowan
  5387 | D:5      | Found a sparkling altar of Nemelex Xobeh.
  5765 | D:6      | Reached XP level 8. HP: 48/52 MP: 8/8
  5909 | D:6      | Noticed a yak
  5910 | D:6      | Noticed a yak
  5911 | D:6      | Noticed a yak
  5913 | D:6      | Noticed a yak
  5921 | D:6      | Killed a yak
  6100 | D:5      | Killed a yak
  6108 | D:5      | Killed a yak
  6341 | D:6      | Killed a yak
  6715 | D:6      | Noticed Edmund
  6745 | D:6      | Killed Edmund
  6745 | D:6      | Reached XP level 9. HP: 50/60 MP: 9/9
  6879 | D:6      | Gained mutation: You cannot study or use magical devices. [Ru sacrifice]
  6879 | D:6      | Reached *** piety under Ru
  6879 | D:6      | Reached **** piety under Ru
  7514 | D:7      | Found a blossoming altar of Fedhas.
  8038 | D:7      | Found a white marble altar of Elyvilon.
  8102 | D:7      | Found a hide-covered altar of Uskayaw.
  8314 | D:8      | Noticed Psyche
  8454 | D:8      | Killed Psyche
  8454 | D:8      | Reached skill level 5 in Shields
  8470 | D:8      | Reached XP level 10. HP: 51/67 MP: 6/10
  8806 | D:8      | Reached skill level 10 in Fighting
  9045 | D:8      | Noticed an orange crystal statue
  9197 | D:8      | Found a shimmering altar of Xom.
  9424 | D:9      | Noticed a two-headed ogre
  9661 | D:9      | Gained mutation: You cannot study or cast Fire magic. [Ru sacrifice]
  9661 | D:9      | Gained mutation: You cannot study or cast Transmutations magic. [Ru sacrifice]
  9661 | D:9      | Gained mutation: You cannot study or cast Translocations magic. [Ru sacrifice]
  9661 | D:9      | Reached ***** piety under Ru
  9709 | D:9      | Noticed a two-headed ogre
  9719 | D:9      | Killed a two-headed ogre
 10026 | D:9      | Found a deep blue altar of Sif Muna.
 10295 | D:9      | Killed a two-headed ogre
 10386 | D:9      | Reached skill level 5 in Armour
 10564 | D:9      | Reached skill level 10 in Maces & Flails
 10605 | D:9      | Reached XP level 11. HP: 63/74 MP: 11/11
 10899 | D:10     | Entered Level 10 of the Dungeon
 11295 | D:10     | Found a staircase to the Lair.
 11473 | D:10     | Found Manaolo's Armour Shoppe.
 11478 | D:10     | Gained mutation: You are hated by all. [Ru sacrifice]
 12510 | D:11     | Reached skill level 1 in Dodging
 12517 | D:11     | Found a labyrinth entrance.
 12527 | Lab      | Entered a labyrinth
 12804 | Lab      | Noticed a minotaur
 12813 | Lab      | Killed a minotaur
 12815 | Lab      | Identified Sidej's Advanced Guide to Spellcasting
 12815 | Lab      | Identified Afen's Tome of Assistive Arcane Weapons
 12816 | Lab      | Got an ancient pewter ring
 12817 | Lab      | Got a slimy ring mail
 12830 | D:11     | Identified the cursed +1 ring mail of Monotheism {+Inv rN+++ Int-5 SInv} (You found it in a labyrinth)
 12970 | D:11     | Noticed a green ugly thing
 12980 | D:11     | Killed a green ugly thing
 13396 | D:11     | Reached XP level 12. HP: 80/81 MP: 12/12
 13718 | D:11     | Gained mutation: Your magical capacity is low. (-10% MP) [Ru sacrifice]
 13718 | D:11     | Reached ****** piety under Ru
 13933 | D:10     | Bought a +4 plate armour of cold resistance for 550 gold pieces
 13936 | D:10     | Identified the ring of Ydaeshru {rF+ rC+ Str+3 Stlth+} (You found it in a labyrinth)
 13991 | Lair:1   | Entered Level 1 of the Lair of Beasts
 14444 | Lair:1   | Noticed a six-headed hydra
 14653 | Lair:1   | Killed a six-headed hydra
 15763 | Lair:2   | Noticed a five-headed hydra
 15770 | Lair:2   | Killed a five-headed hydra
 15775 | Lair:2   | Got a polished plate armour
 15819 | Lair:2   | Identified the +3 plate armour of Paarot {rC+} (You found it on level 2 of the Lair of Beasts)
 15889 | Lair:2   | Found a staircase to the Swamp.
 16019 | Lair:2   | Found a snail-covered altar of Cheibriados.
 16304 | Lair:2   | Noticed Nergalle
 16319 | Lair:2   | Killed Nergalle
 17091 | Lair:3   | Reached XP level 13. HP: 87/87 MP: 11/11
 17134 | Lair:3   | Found a shadowy altar of Dithmenos.
 17998 | Lair:3   | Reached skill level 5 in Dodging
 19466 | Lair:4   | Found a hole to the Spider Nest.
 19949 | Lair:5   | Reached skill level 10 in Armour
 20709 | Lair:6   | Entered Level 6 of the Lair of Beasts
 22081 | Lair:6   | Gained mutation: Your large and strong wings let you fly indefinitely. [Gargoyle growth]
 22081 | Lair:6   | Reached XP level 14. HP: 39/95 MP: 7/12
 23582 | Lair:6   | Found a staircase to the Slime Pits.
 25345 | D:12     | Identified a scroll of acquirement
 25857 | D:12     | Found a stormy altar of Qazlal.
 25904 | D:12     | Found the +3 warlock's mirror {reflect}
 26269 | D:12     | Found a staircase to the Orcish Mines.
 26358 | D:12     | Got a transparent plate armour
 26369 | D:12     | Identified the +7 plate armour of Qefat {Dex+3 SInv} (You found it on level 12 of the Dungeon)
 26625 | Orc:1    | Entered Level 1 of the Orcish Mines
 27216 | Orc:1    | Reached XP level 15. HP: 82/101 MP: 13/13
 27782 | Orc:1    | Found a roughly hewn altar of Beogh.
 28025 | Orc:2    | Entered Level 2 of the Orcish Mines
 28043 | Orc:2    | Found a staircase to the Elven Halls.
 28636 | Orc:2    | Noticed Rupert
 28645 | Orc:2    | Paralysed by Rupert for 3 turns
 28666 | Orc:2    | Killed Rupert
 29024 | Orc:2    | Found Meuluqiu's Antique Weapon Shoppe.
 29029 | Orc:2    | Found Cubiupt's Weapon Shop.
 29133 | Orc:2    | Reached skill level 15 in Fighting
 29369 | Orc:2    | Found Lust's Jewellery Emporium.
 29370 | Orc:2    | Found Coidiffe's Assorted Antiques.
 29378 | Orc:2    | Bought the ring of Vuux {rC+ rN+ MR+ Int+2 SInv} for 672 gold pieces
 29385 | Orc:2    | Bought a scroll of enchant armour for 172 gold pieces
 29385 | Orc:2    | Bought a scroll of enchant weapon for 172 gold pieces
 30271 | D:10     | Bought the +2 ratskin cloak {+Rats rPois rN+ Str-1 Int-1 Dex+1} for 305 gold pieces
 30271 | D:10     | Found the +2 ratskin cloak {+Rats rPois rN+ Str-1 Int-1 Dex+1}
 30794 | D:13     | Found an iron altar of Okawaru.
 31066 | D:13     | Noticed a fire giant
 31088 | D:13     | Killed a fire giant
 32055 | D:15     | Entered Level 15 of the Dungeon
 32668 | D:15     | Reached XP level 16. HP: 96/108 MP: 14/14
 33665 | D:15     | Found a staircase to the Depths.
 33957 | Swamp:1  | Entered Level 1 of the Swamp
 34544 | Swamp:1  | Noticed Louise
 34567 | Swamp:1  | Killed Louise
 35008 | Swamp:1  | Noticed Donald
 35035 | Swamp:1  | Killed Donald
 35300 | Swamp:2  | Noticed a thorn hunter
 35300 | Swamp:2  | Noticed a thorn hunter
 35311 | Swamp:1  | Killed a thorn hunter
 35445 | Swamp:2  | Killed a thorn hunter
 35717 | Swamp:2  | Noticed Aizul
 35741 | Swamp:2  | Killed Aizul
 35769 | Swamp:2  | Noticed a thorn hunter
 35788 | Swamp:2  | Killed a thorn hunter
 36922 | Swamp:3  | Noticed Nikola
 36956 | Swamp:3  | Killed Nikola
 37433 | Swamp:4  | Entered Level 4 of the Swamp
 37472 | Swamp:4  | Reached XP level 17. HP: 111/115 MP: 15/15
 37812 | Swamp:4  | Noticed Jorgrun
 37851 | Swamp:4  | Killed Jorgrun
 37869 | Swamp:4  | Reached skill level 15 in Maces & Flails
 37969 | Swamp:4  | Reached skill level 10 in Dodging
 38191 | Swamp:4  | Got a decaying rune of Zot
 38953 | Spider:1 | Entered Level 1 of the Spider Nest
 38965 | Spider:1 | Noticed Frances
 39470 | Lair:4   | Killed Frances
 40193 | Spider:1 | Reached XP level 18. HP: 97/122 MP: 11/16
 40613 | Spider:1 | Noticed Roxanne
 40807 | Spider:1 | Killed Roxanne
 40808 | Spider:1 | Identified Roxanne's Grimoire of Shape Shifting (You took it off Roxanne on level 1 of the Spider Nest)
 43804 | Spider:4 | Entered Level 4 of the Spider Nest
 43934 | Spider:4 | Found a frozen archway.
 44003 | Spider:4 | Reached skill level 10 in Shields
 44009 | Spider:4 | Reached skill level 15 in Armour
 44029 | IceCv    | Entered an ice cave
 44432 | IceCv    | Noticed an Ice Fiend
 44443 | IceCv    | Killed an Ice Fiend
 44559 | IceCv    | Got a shimmering great mace
 44668 | IceCv    | Identified the +4 great mace of the Rat {antimagic, rElec Dex+6 SInv} (You found it in an ice cave)
 45084 | Spider:4 | Reached XP level 19. HP: 78/128 MP: 2/17
 45659 | Spider:4 | Noticed Arachne
 45691 | Spider:4 | Killed Arachne
 46026 | Spider:4 | Got a gossamer rune of Zot
 47301 | Elf:1    | Entered Level 1 of the Elven Halls
 48485 | Elf:2    | Found Zat Uffoguith's Magic Scroll Shoppe.
 48485 | Elf:2    | Noticed Saint Roka
 48775 | Elf:2    | Killed Saint Roka
 48905 | Elf:2    | Got a faintly humming helmet
 48906 | Elf:2    | Identified the +2 helmet of the Oligarchy {rElec rCorr Int-5 Dex+5} (You found it on level 2 of the Elven Halls)
 48941 | Elf:2    | Bought a scroll of blinking for 97 gold pieces
 49211 | Elf:2    | Found a runed gate.
 49211 | Elf:2    | Found a runed gate.
 49221 | Elf:2    | Found a runed gate.
 49594 | Elf:2    | Reached XP level 20. HP: 113/136 MP: 18/18
 50912 | Depths:1 | Entered Level 1 of the Depths
 50912 | Depths:1 | Found a gateway to Hell.
 52738 | Depths:1 | Found a one-way gate leading to the halls of Pandemonium.
 52848 | Depths:1 | Found an iron altar of Okawaru.
 53327 | Depths:2 | Found Pyirhad's General Store.
 53331 | Depths:2 | Found Kosapre's Food Shoppe.
 53332 | Depths:2 | Found Xiexzom's Food Emporium.
 53542 | Depths:2 | Noticed Asterion
 53552 | Depths:2 | Killed Asterion
 53990 | Depths:2 | Reached XP level 21. HP: 124/142 MP: 18/18
 54360 | Depths:2 | Found a runed door.
 54517 | Depths:2 | Found a portal to a secret trove of treasure.
 54794 | Depths:2 | Got a faintly glowing morningstar
 54797 | Depths:2 | Identified the +3 morningstar "Hudeaski" {crush, rPois MR- Dex+3} (You acquired it on level 2 of the Depths)
 54799 | Depths:2 | Found a runed door.
 54889 | Depths:2 | Paralysed by a floating eye for 2 turns
 54899 | Depths:2 | Paralysed by a floating eye for 3 turns
 54908 | Depths:2 | Paralysed by a floating eye for 2 turns
 54939 | Depths:2 | Paralysed by a floating eye for 4 turns
 54951 | Depths:2 | Paralysed by a floating eye for 3 turns
 54966 | Depths:2 | Paralysed by a floating eye for 2 turns
 55835 | Depths:3 | Found a gateway to a ziggurat.
 56045 | Depths:3 | Noticed a golden dragon
 56088 | Depths:3 | Killed a golden dragon
 56263 | Depths:3 | Found Ezis's Assorted Antiques.
 56272 | Depths:3 | Bought 2 potions of heal wounds for 400 gold pieces
 56293 | Depths:3 | Bought a pair of embroidered boots for 300 gold pieces
 57149 | Depths:4 | Found Jumiav's Jewellery Shoppe.
 57308 | Depths:4 | Found a one-way gate to the infinite horrors of the Abyss.
 57416 | Depths:4 | Found a transporter.
 57421 | Depths:4 | Found a viscous altar of Jiyva.
 57878 | Depths:5 | Entered Level 5 of the Depths
 57878 | Depths:5 | Noticed Sojobo
 57980 | Depths:4 | Killed Sojobo
 58365 | Depths:5 | Reached XP level 22. HP: 149/149 MP: 19/19
 59094 | Depths:5 | Found a gate to the Realm of Zot.
 59094 | Depths:5 | Noticed a golden dragon
 59094 | Depths:5 | Noticed a golden dragon
 59104 | Depths:5 | Killed a golden dragon
 59128 | Depths:5 | Killed a golden dragon
 59619 | Depths:5 | Noticed a caustic shrike
 59620 | Depths:5 | Noticed a caustic shrike
 59620 | Depths:5 | Noticed a caustic shrike
 59644 | Depths:5 | Killed a caustic shrike
 59648 | Depths:5 | Killed a caustic shrike
 59671 | Depths:5 | Killed a caustic shrike
 60375 | D:13     | Found a gate to the Vaults.
 60378 | Vaults:1 | Entered Level 1 of the Vaults
 61852 | Vaults:1 | Got a crude plate armour
 61854 | Vaults:1 | Identified the +5 plate armour of the Pit {Int+4} (You found it on level 1 of the Vaults)
 62044 | Vaults:1 | Reached XP level 23. HP: 156/156 MP: 20/20
 62549 | Vaults:2 | Noticed Xtahua
 62550 | Vaults:2 | Paralysed by Xtahua for 5 turns
 62575 | Vaults:2 | Killed Xtahua
 63159 | Vaults:2 | Got a faintly glowing plate armour
 63160 | Vaults:2 | Identified the +9 plate armour of the Princess {+Fly rElec rF++ Str+4} (You found it on level 2 of the Vaults)
 63309 | Vaults:2 | Found Yllex's Assorted Antiques.
 64051 | Vaults:3 | Reached skill level 15 in Shields
 64192 | Vaults:3 | Found a glowing golden altar of the Shining One.
 64207 | Vaults:3 | Found Ovuzuivy's Magic Scroll Boutique.
 64210 | Vaults:3 | Bought a scroll of enchant armour for 112 gold pieces
 64210 | Vaults:3 | Bought a scroll of blinking for 112 gold pieces
 64210 | Vaults:3 | Bought a scroll of enchant armour for 112 gold pieces
 64210 | Vaults:3 | Bought a scroll of magic mapping for 52 gold pieces
 64779 | Vaults:3 | Found a staircase to the Crypt.
 65484 | Vaults:4 | Reached XP level 24. HP: 163/163 MP: 20/20
 66482 | Vaults:3 | Got a bloodstained arbalest
 66483 | Vaults:3 | Identified the +6 arbalest of Doom {venom, rElec} (You found it on level 3 of the Vaults)
 66769 | Elf:3    | Entered Level 3 of the Elven Halls
 66959 | Elf:3    | Found Verchoadu's Antique Weapon Shop.
 66964 | Elf:3    | Bought a glowing hand crossbow for 247 gold pieces
 67382 | Elf:3    | Cast into level 2 of the Abyss (a deep elf sorcerer)
 67636 | Abyss:2  | Got a faintly glowing broad axe
 67953 | Abyss:3  | Found a corrupted altar of Lugonu.
 68179 | Abyss:3  | Paralysed by accursed screaming for 1 turns
 68308 | Abyss:3  | Paralysed by accursed screaming for 1 turns
 68321 | Abyss:3  | Paralysed by accursed screaming for 1 turns
 68389 | Abyss:3  | Found a corrupted altar of Lugonu.
 68396 | Abyss:3  | Found a shadowy altar of Dithmenos.
 68399 | Abyss:3  | Gained mutation: Scrolls take you a little longer to read. [a neqoxec]
 68404 | Abyss:3  | Lost intelligence.
 68405 | Abyss:3  | Gained mutation: You tend to lose your temper in combat. [a neqoxec]
 68406 | Abyss:3  | Gained mutation: Potions are less effective at restoring your health. [a neqoxec]
 68465 | Abyss:3  | Found a shadowy altar of Dithmenos.
 68524 | Abyss:3  | Found a shadowy altar of Dithmenos.
 68595 | Abyss:3  | Found a corrupted altar of Lugonu.
 68776 | Abyss:3  | Found a corrupted altar of Lugonu.
 68850 | Abyss:3  | Paralysed by accursed screaming for 1 turns
 68855 | Abyss:3  | Paralysed by accursed screaming for 2 turns
 69034 | Abyss:3  | Reached XP level 25. HP: 143/169 MP: 20/20
 69143 | Abyss:3  | Paralysed by accursed screaming for 1 turns
 69151 | Abyss:3  | Paralysed by accursed screaming for 2 turns
 69352 | Abyss:3  | Paralysed by accursed screaming for 1 turns
 69585 | Abyss:3  | Got an abyssal rune of Zot
 69755 | Abyss:3  | Paralysed by accursed screaming for 2 turns
 69762 | Abyss:3  | Paralysed by accursed screaming for 2 turns
 69771 | Abyss:3  | Paralysed by accursed screaming for 2 turns
 69777 | Abyss:3  | Paralysed by accursed screaming for 1 turns
 69780 | Abyss:3  | Gained mutation: Your magical capacity is very low. (-20% MP) [a neqoxec]
 70107 | Abyss:3  | Reached skill level 15 in Dodging
 70133 | Abyss:3  | Gained mutation: You are dopey. (Int -2) [a neqoxec]
 70214 | Abyss:3  | Paralysed by accursed screaming for 1 turns
 70453 | Abyss:3  | Paralysed by accursed screaming for 1 turns
 70502 | Abyss:3  | Paralysed by accursed screaming for 1 turns
 70664 | Abyss:3  | Paralysed by accursed screaming for 1 turns
 70870 | Abyss:3  | Reached XP level 26. HP: 177/177 MP: 18/18
 71008 | Abyss:3  | Found a corrupted altar of Lugonu.
 71679 | Elf:3    | Escaped the Abyss
 71831 | Elf:3    | Got a vibrating bone ring
 71900 | Elf:3    | Identified the +6 broad axe "Cics" {flame, rElec} (You found it on level 2 of the Abyss)
 71909 | Elf:3    | Identified the ring "Acoim" {rCorr rElec rC- MR+++ MP+9} (You took it off a deep elf death mage on level 3 of the Elven Halls)
 71953 | Elf:3    | Got a pair of pitted gloves
 71964 | Elf:3    | Identified the +1 pair of gloves "Zoacuig" {rElec rF+ Stlth+} (You found it on level 3 of the Elven Halls)
 72354 | Vaults:5 | Entered Level 5 of the Vaults
 72766 | Vaults:5 | Noticed an ancient lich
 72788 | Vaults:5 | Killed an ancient lich
 72792 | Vaults:5 | Reached XP level 27. HP: 184/184 MP: 18/18
 72825 | Vaults:5 | Got a silver rune of Zot
 72836 | Vaults:5 | Got a warped iron ring
 72869 | Vaults:5 | Identified the ring "Titas" {Str+4 Slay+2} (You found it on level 5 of the Vaults)
 73750 | Vaults:5 | Got a smoking shield
 73753 | Vaults:5 | Identified the cursed +0 shield of the Shining Light {Dex+2} (You found it on level 5 of the Vaults)
 74322 | Depths:2 | You showed the abyssal rune of Zot to enter a treasure trove
 74323 | Trove    | Entered a treasure trove
 74336 | Trove    | Got a twisted large shield
 74343 | Trove    | Got a bloodstained hat
 74348 | Trove    | Got a pair of ancient boots
 74391 | Trove    | Identified the +9 large shield "Ujurgh" {rElec Str+4} (You found it in a treasure trove)
 74412 | Trove    | Identified the +1 hat of the Great Game {MR+++ Int+2 Dex-5 SInv} (You found it in a treasure trove)
 74422 | Trove    | Identified the -1 pair of boots of the Worm {*Drain Dex+2 Slay+5} (You found it in a treasure trove)
 74786 | Crypt:1  | Entered Level 1 of the Crypt
 74969 | Crypt:1  | Noticed Mara
 74980 | Crypt:1  | Killed Mara
 75029 | Crypt:1  | Noticed Bai Suzhen
 75044 | Crypt:1  | Killed Bai Suzhen
 75706 | Crypt:2  | Got an ancient brass amulet
 75725 | Crypt:2  | Identified the amulet of Liepefok {Faith Str+4 Int+5} (You found it on level 2 of the Crypt)
 76234 | Crypt:3  | Entered Level 3 of the Crypt
 76595 | Crypt:3  | Got a wavering ivory ring
 76595 | Crypt:3  | Got a fine bronze ring
 76595 | Crypt:3  | Got a scorched lead ring
 76700 | Crypt:3  | Found a staircase to the Tomb.
 76700 | Crypt:3  | Noticed Boris
 76744 | Crypt:3  | Killed Boris
 77254 | Crypt:3  | Found an ancient bone altar of Kikubaaqudgha.
 77936 | Tomb:1   | Entered Level 1 of the Tomb of the Ancients
 77994 | Tomb:1   | Noticed Mennas
 78012 | Tomb:1   | Killed Mennas
 79929 | Slime:1  | Entered Level 1 of the Pits of Slime
 80323 | Slime:2  | Gained mutation: Your magical capacity is extremely low. (-30% MP) [a shining eye]
 80326 | Slime:2  | Gained mutation: You expend magic power (3 MP) to strengthen your wands. [a shining eye]
 81142 | Slime:3  | You are sucked into a shaft!
 81431 | Slime:5  | Entered Level 5 of the Pits of Slime
 81472 | Slime:5  | Noticed Megalobster's ghost (veteran GnTm)
 81748 | Slime:5  | Killed Megalobster's ghost
 81805 | Slime:5  | Noticed the Royal Jelly
 81816 | Slime:5  | Killed the Royal Jelly
 81883 | Slime:5  | Found the ring of Phasing {EV+8}
 81920 | Slime:5  | Got a wavering glass ring
 81985 | Slime:5  | Got a twitching golden ring
 81989 | Slime:5  | Got a slimy rune of Zot
 82023 | Slime:5  | Identified the ring of Wariness {*Corrode rElec AC+3 Int+2} (You found it on level 5 of the Pits of Slime)
 82025 | Slime:5  | Identified the ring "Rijeziot" {rN+ Int+3} (You found it on level 3 of the Crypt)
 82027 | Slime:5  | Identified the ring "Qaasusch" {-Tele rN+ MR+ Int+3 Dex+4} (You found it on level 3 of the Crypt)
 82029 | Slime:5  | Identified the ring of Dithmenos's Delight {*Contam rPois rN+ Stlth+} (You found it on level 3 of the Crypt)
 82031 | Slime:5  | Identified the ring "Coantah" {Fire *Corrode +Blink +Inv rPois Stlth+} (You found it on level 5 of the Pits of Slime)
 83383 | Slime:2  | Gained mutation: You are very dopey. (Int -4) [a shining eye]
 83387 | Slime:2  | Gained mutation: You often lose your temper in combat. [a shining eye]
 83390 | Slime:2  | Gained mutation: Armour fits poorly on your strangely shaped body. [a shining eye]
 83547 | Slime:2  | Gained mutation: You are occasionally teleported next to monsters. [a shining eye]
 84412 | Slime:1  | Gained mutation: Potions are poor at restoring your health. [a shining eye]
 84633 | Lair:6   | Lost mutation: Armour fits poorly on your strangely shaped body. [potion of mutation]
 84633 | Lair:6   | Lost mutation: You are very dopey. (Int -4) [potion of mutation]
 84633 | Lair:6   | Gained mutation: You are robust. (+10% HP) [potion of mutation]
 84633 | Lair:6   | Gained mutation: You have a pair of small antennae on your head. [potion of mutation]
 84634 | Lair:6   | Lost mutation: You are occasionally teleported next to monsters. [potion of mutation]
 84634 | Lair:6   | Lost mutation: You expend magic power (3 MP) to strengthen your wands. [potion of mutation]
 84634 | Lair:6   | Lost mutation: You have a pair of small antennae on your head. [potion of mutation]
 84634 | Lair:6   | Gained mutation: You occasionally shout uncontrollably at your foes. [potion of mutation]
 84634 | Lair:6   | Lost mutation: You are robust. (+10% HP) [potion of mutation]
 84634 | Lair:6   | Gained mutation: You sometimes yell uncontrollably at your foes. [potion of mutation]
 84634 | Lair:6   | Gained mutation: You are resistant to hostile enchantments. (MR+) [potion of mutation]
 85248 | Hell     | Entered the Vestibule of Hell
 85249 | Hell     | Noticed Geryon
 85262 | Hell     | Killed Geryon
 85593 | Hell     | Found a gateway to the Iron City of Dis.
 85674 | Hell     | Found a gateway to the ashen valley of Gehenna.
 85780 | Hell     | Found a gateway to the decaying netherworld of Tartarus.
 85866 | Hell     | Found a gateway to the freezing wastes of Cocytus.
 86015 | Geh:1    | Entered Level 1 of Gehenna
 87262 | Geh:7    | Entered Level 7 of Gehenna
 87677 | Geh:7    | Got a spiked plate armour
 87693 | Geh:7    | Identified the +5 plate armour of Resilience {rC+} (You found it on level 7 of Gehenna)
 88247 | Geh:7    | Noticed the Serpent of Hell
 88260 | Geh:7    | Killed the Serpent of Hell
 89453 | Geh:7    | Noticed Asmodeus
 89467 | Geh:7    | Killed Asmodeus
 89552 | Geh:7    | Got an obsidian rune of Zot
 89822 | Coc:1    | Entered Level 1 of Cocytus
 92530 | Coc:7    | Entered Level 7 of Cocytus
 93853 | Coc:7    | Noticed Antaeus
 93869 | Coc:7    | Killed Antaeus
 93871 | Coc:7    | Got an ancient quarterstaff {crush}
 93951 | Coc:7    | Got a vibrating pewter ring
 93954 | Coc:7    | Got an icy rune of Zot
 94778 | Tar:1    | Entered Level 1 of Tartarus
 97037 | Tar:7    | Entered Level 7 of Tartarus
 97056 | Tar:7    | Gained mutation: You frequently scream uncontrollably at your foes. [mutagenic glow]
 97834 | Tar:7    | Noticed Ereshkigal
 97849 | Tar:7    | Killed Ereshkigal
 97909 | Tar:7    | Got a pitted emerald amulet
 97914 | Tar:7    | Got a bone rune of Zot
 97916 | Tar:7    | Got an encrusted morningstar
 97920 | Tar:7    | Got a steaming cloak
 97942 | Tar:7    | Identified the +4 morningstar "Otucit" {freeze, rC+} (You found it on level 7 of Tartarus)
 97944 | Tar:7    | Identified the +2 cloak "Xyddyef" {Stlth+} (You found it on level 7 of Tartarus)
 97946 | Tar:7    | Identified the ring "Ugreoll" {Ice Int+4} (You found it on level 7 of Cocytus)
 97948 | Tar:7    | Identified the amulet "Habes" {Inacc Int+2} (You found it on level 7 of Tartarus)
 98286 | Tar:7    | Got a coiled marble ring
 98384 | Tar:7    | Identified a +1 pair of boots of running (You found it on level 7 of Tartarus)
 98400 | Tar:7    | Identified the cursed ring of Taozidai {*Slow MR++ Str+3 Dex-3 SInv} (You took it off a skeletal warrior on level 7 of Tartarus)
 98440 | Tar:7    | Got a scorched lead ring
 98635 | Tar:7    | Found the amulet of the Four Winds {rN+ MR+++ Clar}
 98649 | Tar:7    | Identified the ring "Eraickodu" {rElec Dex+3} (You took it off a skeletal warrior on level 7 of Tartarus)
 99096 | Tar:7    | Identified Paifixen's Grimoire of Dusty Flames
 99780 | Dis:1    | Entered Level 1 of the Iron City of Dis
102384 | Dis:7    | Entered Level 7 of the Iron City of Dis
102908 | Dis:7    | Reached skill level 27 in Fighting
103787 | Dis:7    | Noticed Dispater
103815 | Dis:7    | Killed Dispater
103859 | Dis:7    | Got an iron rune of Zot
103868 | Dis:7    | Identified the Catalogue of Conjuration
105499 | Pan      | Entered Pandemonium
105503 | Pan      | Got a pitted mace
105559 | Pan      | Found an exit through the horrors of the Abyss.
105577 | Pan      | Noticed Tuloenk the pandemonium lord
105621 | Pan      | Killed Tuloenk the pandemonium lord
105819 | Pan      | Noticed Baril's ghost (legendary GrEE)
105824 | Pan      | Gained mutation: You are frail. (-10% HP) [a cacodemon]
105848 | Pan      | Killed Baril's ghost
105909 | Pan      | Gained mutation: You are occasionally teleported next to monsters. [a neqoxec]
106401 | Pan      | Lost mutation: You frequently scream uncontrollably at your foes. [potion of mutation]
106401 | Pan      | Lost mutation: Scrolls take you a little longer to read. [potion of mutation]
106401 | Pan      | Lost mutation: You are frail. (-10% HP) [potion of mutation]
106401 | Pan      | Lost mutation: You often lose your temper in combat. [potion of mutation]
106401 | Pan      | Gained mutation: Your flesh is heat resistant. (rF+) [potion of mutation]
106402 | Pan      | Lost mutation: You sometimes yell uncontrollably at your foes. [potion of mutation]
106402 | Pan      | Lost mutation: You are dopey. (Int -2) [potion of mutation]
106402 | Pan      | Lost mutation: You are resistant to hostile enchantments. (MR+) [potion of mutation]
106402 | Pan      | Lost mutation: You tend to lose your temper in combat. [potion of mutation]
106402 | Pan      | Gained mutation: You are sometimes teleported next to monsters. [potion of mutation]
106402 | Pan      | Gained mutation: Your mind is acute. (Int +2) [potion of mutation]
106403 | Pan      | Lost mutation: Your flesh is heat resistant. (rF+) [potion of mutation]
106403 | Pan      | Lost mutation: Your magical capacity is extremely low. (-30% MP) [potion of mutation]
106403 | Pan      | Lost mutation: You are sometimes teleported next to monsters. [potion of mutation]
106403 | Pan      | Gained mutation: You are partially covered in slimy green scales. (AC +2) [potion of mutation]
106403 | Pan      | Gained mutation: Your flesh is cold resistant. (rC+) [potion of mutation]
106404 | Pan      | Lost mutation: You are occasionally teleported next to monsters. [potion of mutation]
106404 | Pan      | Lost mutation: You occasionally shout uncontrollably at your foes. [potion of mutation]
106404 | Pan      | Lost mutation: Your magical capacity is very low. (-20% MP) [potion of mutation]
106404 | Pan      | Lost mutation: You are partially covered in slimy green scales. (AC +2) [potion of mutation]
106404 | Pan      | Gained mutation: You are weak. (Str -2) [potion of mutation]
106404 | Pan      | Gained mutation: You are agile. (Dex +2) [potion of mutation]
106404 | Pan      | Gained mutation: You passively map a small area around you. [potion of mutation]
106487 | Pan      | Gained mutation: You expend magic power (3 MP) to strengthen your wands. [a neqoxec]
106727 | Pan      | Found an exit through the horrors of the Abyss.
106991 | Pan      | Noticed Tyepsag the pandemonium lord
107000 | Pan      | Killed Tyepsag the pandemonium lord
107993 | Pan      | Gained mutation: You are occasionally teleported next to monsters. [a cacodemon]
108043 | Pan      | Reached skill level 27 in Armour
108082 | Pan      | Found an exit through the horrors of the Abyss.
108375 | Pan      | Noticed Ydacyhih the pandemonium lord
108380 | Pan      | Killed Ydacyhih the pandemonium lord
109162 | Pan      | Reached skill level 27 in Maces & Flails
109173 | Pan      | Gained mutation: You tend to lose your temper in combat. [a cacodemon]
109406 | Pan      | Noticed Ruuz the pandemonium lord
109415 | Pan      | Killed Ruuz the pandemonium lord
109941 | Pan      | Entered the realm of Gloorx Vloq.
109960 | Pan      | Identified the +7 mace "Byzxam" {elec, Fragile Dex+5 Stlth+} (You found it in Pandemonium)
110473 | Pan      | Noticed Gloorx Vloq
110487 | Pan      | Killed Gloorx Vloq
110659 | Pan      | Got a dark rune of Zot
111513 | Pan      | Noticed Decyu the pandemonium lord
111854 | Pan      | Noticed Ybouh the pandemonium lord
112074 | Pan      | Killed Ybouh the pandemonium lord
113643 | Pan      | Found an exit through the horrors of the Abyss.
113809 | Pan      | Reached skill level 27 in Shields
114054 | Pan      | Got a demonic rune of Zot
114429 | Pan      | Found an exit through the horrors of the Abyss.
114791 | Pan      | Entered the realm of Cerebov.
114854 | Pan      | Got an encrusted whip
115000 | Pan      | Got a dazzling plate armour
115017 | Pan      | Identified the +0 plate armour of an ossuary {rElec} (You found it in Pandemonium)
115034 | Pan      | Identified the +7 whip "Gargoyle's Regret" {venom, rElec Str-3 Dex+4} (You found it in Pandemonium)
115044 | Pan      | Noticed Cerebov
115071 | Pan      | Killed Cerebov
115118 | Pan      | Got a fiery rune of Zot
116031 | Pan      | Found an exit through the horrors of the Abyss.
116245 | Pan      | Noticed Hoasess the pandemonium lord
116255 | Pan      | Killed Hoasess the pandemonium lord
116734 | Pan      | Entered the realm of Lom Lobon.
117164 | Pan      | Found an exit through the horrors of the Abyss.
117577 | Pan      | Noticed Lom Lobon
117593 | Pan      | Killed Lom Lobon
117604 | Pan      | Got a magical rune of Zot
117855 | Pan      | Found an exit through the horrors of the Abyss.
117937 | Pan      | Found a runed door.
118339 | Pan      | Entered the realm of Mnoleg.
118371 | Pan      | Noticed Mnoleg
118401 | Pan      | Killed Mnoleg
118499 | Pan      | Got a glowing rune of Zot
118566 | Pan      | Gained mutation: Your body sometimes deteriorates upon taking damage. [a neqoxec]
118567 | Pan      | Lost mutation: Your body sometimes deteriorates upon taking damage. [a neqoxec]
118570 | Pan      | Gained mutation: Your body sometimes deteriorates upon taking damage. [a neqoxec]
118592 | Pan      | Lost mutation: You are agile. (Dex +2) [a neqoxec]
119348 | Pan      | Noticed Ysoifra the pandemonium lord
119356 | Pan      | Killed Ysoifra the pandemonium lord
119758 | Pan      | Got a wavering lead ring
120074 | Pan      | Gained mutation: You are partially covered in large bone plates. (SH +4) [a cacodemon]
120342 | Pan      | Found an exit through the horrors of the Abyss.
120819 | Pan      | Noticed Ufefeef the pandemonium lord
120859 | Pan      | Killed Ufefeef the pandemonium lord
121127 | Pan      | Found an exit through the horrors of the Abyss.
121656 | Pan      | Noticed Quem the pandemonium lord
121684 | Pan      | Killed Quem the pandemonium lord
121850 | Pan      | Found an exit through the horrors of the Abyss.
122104 | Pan      | Gained mutation: Scrolls take you a little longer to read. [a neqoxec]
122757 | Pan      | Noticed Saalocae the pandemonium lord
122766 | Pan      | Killed Saalocae the pandemonium lord
123121 | Pan      | Gained mutation: Scrolls take you longer to read. [a cacodemon]
124185 | Pan      | Reached skill level 27 in Dodging
124200 | Pan      | Reached skill level 1 in Spellcasting
124208 | Pan      | Noticed Qaetax the pandemonium lord
124223 | Pan      | Killed Qaetax the pandemonium lord
124265 | Pan      | Reached skill level 5 in Spellcasting
124991 | Pan      | Found an exit through the horrors of the Abyss.
125473 | Pan      | Noticed Vabb the pandemonium lord
125483 | Pan      | Killed Vabb the pandemonium lord
125838 | Pan      | Reached skill level 10 in Spellcasting
126425 | Pan      | Noticed Duaraj the pandemonium lord
126429 | Pan      | Killed Duaraj the pandemonium lord
126816 | Depths:1 | Escaped Pandemonium
126858 | Hell     | Identified the ring "Kirghi" {Wiz rPois Str+6} (You took it off a blood saint in Pandemonium)
126952 | Zot:1    | Entered Level 1 of the Realm of Zot
127017 | Zot:1    | Cast into level 5 of the Abyss (the power of Zot)
127017 | Abyss:5  | Entered Level 5 of the Abyss
127144 | Abyss:5  | Gained mutation: Your body often deteriorates upon taking damage. [a neqoxec]
127190 | Zot:1    | Escaped the Abyss
127706 | Zot:1    | Found a transporter.
127830 | Zot:1    | Found a transporter.
128015 | Zot:1    | Found a deep blue altar of Sif Muna.
128110 | Zot:1    | Noticed an ancient lich
128119 | Zot:1    | Killed an ancient lich
128589 | Zot:2    | Reached skill level 15 in Spellcasting
129572 | Zot:3    | Found a transporter.
129607 | Zot:3    | Found a transporter.
130626 | Zot:4    | Lost mutation: You are weak. (Str -2) [potion of mutation]
130626 | Zot:4    | Lost mutation: Your mind is acute. (Int +2) [potion of mutation]
130626 | Zot:4    | Lost mutation: You are occasionally teleported next to monsters. [potion of mutation]
130626 | Zot:4    | Gained mutation: You have large cloven feet. [potion of mutation]
130626 | Zot:4    | Gained mutation: You have hoof-like feet. [potion of mutation]
130636 | Zot:5    | Entered Level 5 of the Realm of Zot
131220 | Zot:5    | Noticed an ancient lich
131235 | Zot:5    | Noticed an ancient lich
131238 | Zot:5    | Killed an ancient lich
131241 | Zot:5    | Noticed an orb of fire
131248 | Zot:5    | Noticed an orb of fire
131282 | Zot:4    | Killed an orb of fire
131428 | Zot:5    | Killed an orb of fire
131436 | Zot:5    | Noticed an ancient lich
131438 | Zot:5    | Killed an ancient lich
131445 | Zot:5    | Noticed an ancient lich
131446 | Zot:5    | Killed an ancient lich
131452 | Zot:5    | Killed an ancient lich
131455 | Zot:5    | Noticed an ancient lich
131463 | Zot:5    | Killed an ancient lich
131487 | Zot:5    | Noticed an orb of fire
131499 | Zot:5    | Killed an orb of fire
132337 | Zot:5    | Noticed an ancient lich
132343 | Zot:5    | Killed an ancient lich
133305 | Tomb:2   | Noticed a greater mummy
133306 | Tomb:2   | Noticed a greater mummy
133308 | Tomb:2   | Noticed a greater mummy
133308 | Tomb:2   | Noticed a greater mummy
133590 | Tomb:2   | Noticed a greater mummy
133602 | Tomb:2   | Killed a greater mummy
133656 | Tomb:2   | Killed a greater mummy
133667 | Tomb:2   | Killed a greater mummy
133691 | Tomb:2   | Killed a greater mummy
133740 | Tomb:2   | Killed a greater mummy
134263 | Tomb:1   | Noticed a greater mummy
134264 | Tomb:1   | Noticed a greater mummy
134270 | Tomb:1   | Noticed a greater mummy
134272 | Tomb:1   | Noticed a greater mummy
134308 | Tomb:1   | Killed a greater mummy
134317 | Tomb:1   | Noticed a greater mummy
134323 | Tomb:1   | Noticed a greater mummy
134342 | Tomb:1   | Killed a greater mummy
134354 | Tomb:1   | Killed a greater mummy
134360 | Tomb:1   | Killed a greater mummy
134365 | Tomb:1   | Killed a greater mummy
134369 | Tomb:1   | Killed a greater mummy
134700 | Tomb:1   | Noticed a greater mummy
134729 | Tomb:1   | Killed a greater mummy
134753 | Tomb:1   | Noticed a greater mummy
134753 | Tomb:1   | Noticed a greater mummy
134774 | Tomb:1   | Killed a greater mummy
134780 | Tomb:1   | Killed a greater mummy
135061 | Tomb:1   | Noticed a greater mummy
135061 | Tomb:1   | Noticed a greater mummy
135078 | Tomb:1   | Killed a greater mummy
135078 | Tomb:1   | Lost intelligence.
135084 | Tomb:1   | Killed a greater mummy
135248 | Tomb:1   | Noticed a greater mummy
135350 | Tomb:1   | Noticed a greater mummy
135351 | Tomb:1   | Noticed a greater mummy
135357 | Tomb:1   | Noticed a greater mummy
135357 | Tomb:1   | Killed a greater mummy
135358 | Tomb:1   | Noticed a greater mummy
135358 | Tomb:1   | Noticed a greater mummy
135360 | Tomb:1   | Killed a greater mummy
135474 | Tomb:1   | Killed a greater mummy
135482 | Tomb:1   | Killed a greater mummy
135579 | Tomb:1   | Killed a greater mummy
135863 | Tomb:1   | Noticed a greater mummy
135894 | Tomb:1   | Killed a greater mummy
135959 | Tomb:1   | Killed a greater mummy
136458 | Tomb:3   | Entered Level 3 of the Tomb of the Ancients
136547 | Tomb:3   | Noticed a greater mummy
136549 | Tomb:3   | Noticed a greater mummy
136558 | Tomb:3   | Noticed a greater mummy
136560 | Tomb:3   | Noticed a greater mummy
136560 | Tomb:3   | Noticed a greater mummy
136566 | Tomb:3   | Killed a greater mummy
136568 | Tomb:3   | Noticed a greater mummy
136569 | Tomb:3   | Noticed a greater mummy
136570 | Tomb:3   | Noticed a greater mummy
136750 | Tomb:3   | Killed a greater mummy
137088 | Tomb:3   | Noticed Khufu
137101 | Tomb:3   | Killed Khufu
137103 | Tomb:3   | Killed a greater mummy
137326 | Tomb:2   | Killed a greater mummy
137521 | Tomb:3   | Killed a greater mummy
137695 | Tomb:3   | Killed a greater mummy
137701 | Tomb:3   | Killed a greater mummy
137706 | Tomb:3   | Killed a greater mummy
138112 | Tomb:3   | Got a steaming cloak
138123 | Tomb:3   | Identified the +1 cloak "Lorchotz" {rCorr} (You found it on level 3 of the Tomb of the Ancients)
138305 | Tomb:3   | Found the +8 autumn katana {slice, Clar}
138328 | Tomb:3   | Got a slimy pewter ring
138331 | Tomb:3   | Identified the ring "Xoecsus" {rF+ Int+3 Stlth+} (You found it on level 3 of the Tomb of the Ancients)
138334 | Tomb:3   | Got a slimy bone amulet
138337 | Tomb:3   | Identified the amulet "Butugoi" {Inacc rC++ MR+} (You found it on level 3 of the Tomb of the Ancients)
138350 | Tomb:3   | Got a transparent plate armour
138353 | Tomb:3   | Identified the cursed +0 plate armour "Natsaed" {+Fly rElec Str-3 Dex+8} (You found it on level 3 of the Tomb of the Ancients)
138385 | Tomb:3   | Identified the Catalogue of Flight
138390 | Tomb:3   | Identified the Collected Works on Self-Knowledge and Flight
138398 | Tomb:3   | Got a heavily runed steel ring
138401 | Tomb:3   | Identified the ring of the Shining Light {rN+ Str+4 Dex+3} (You found it on level 3 of the Tomb of the Ancients)
138476 | Tomb:3   | Got a golden rune of Zot
139366 | Zot:5    | Got the Orb of Zot
139423 | Zot:5    | Noticed Fexelyih the pandemonium lord
139432 | Zot:5    | Killed Fexelyih the pandemonium lord
139909 | D:5      | Noticed Ununuigh the pandemonium lord
139990 | D:$      | Escaped with the Orb!

Skill      XL: |  1  2  3  4  5  6  7  8  9 10 11 12 13 14 15 16 17 18 19 20 21 22 23 24 25 26 27 |
---------------+----------------------------------------------------------------------------------+-----
Fighting       | 4 5 5 6 8 9 11 12 13 14 15 16 17 18 19 20 21 27 | 27.0
Maces & Flails | 3 4 4 5 7 8 10 11 12 13 14 15 16 17 18 19 20 21 27 | 27.0
Shields        | 5 6 7 8 10 11 12 13 14 15 16 17 27 | 27.0
Armour         | 5 7 9 10 11 12 13 14 15 16 17 18 19 20 27 | 27.0
Dodging        | 2 4 6 7 8 9 10 11 12 13 14 15 27 | 27.0
Spellcasting   | 25 | 25.3

Action                   |  1- 3 |  4- 6 |  7- 9 | 10-12 | 13-15 | 16-18 | 19-21 | 22-24 | 25-27 || total
-------------------------+-------+-------+-------+-------+-------+-------+-------+-------+-------++-------
Melee: Flail             |   126 |   173 |   370 |   786 |  1794 |   339 |       |       |       ||  3588
       Eveningstar       |       |       |       |       |       |  2083 |  2107 |  2398 | 12711 || 19299
       Demon whip        |       |       |       |       |       |       |   188 |       |       ||   188
Invok: Sacrifice Stealth |     1 |       |       |       |       |       |       |       |       ||     1
       Sacrifice Skill   |       |     1 |       |       |       |       |       |       |       ||     1
       Power Leap        |       |       |     2 |     4 |    10 |    11 |     5 |     1 |    14 ||    47
       Sacrifice Artific |       |       |     1 |       |       |       |       |       |       ||     1
       Sacrifice Arcana  |       |       |       |     1 |       |       |       |       |       ||     1
       Sacrifice Love    |       |       |       |     1 |       |       |       |       |       ||     1
       Draw Out Power    |       |       |       |     1 |     7 |     7 |    10 |    15 |    73 ||   113
       Sacrifice Essence |       |       |       |     1 |       |       |       |       |       ||     1
       Apocalypse        |       |       |       |       |       |       |       |       |    44 ||    44
 Abil: Fly               |       |       |       |       |     1 |       |     1 |       |     1 ||     3
       Stop Flying       |       |       |       |       |       |       |     1 |       |     1 ||     2
  Use: Potion            |       |     1 |     2 |     4 |       |     4 |     3 |     4 |    88 ||   106
       Scroll            |       |     3 |     9 |     8 |    17 |    13 |     7 |     9 |    62 ||   128
 Stab: Invisible         |       |       |     3 |     5 |    12 |    18 |    20 |     9 |    47 ||   114
       Distracted        |       |       |     2 |     2 |     7 |    13 |     8 |    12 |    91 ||   135
       Paralysed         |       |       |     1 |     7 |    23 |     5 |     5 |     5 |    84 ||   130
       Confused          |       |       |       |       |     1 |       |       |     1 |       ||     2
       Petrifying        |       |       |       |       |     7 |       |       |       |     4 ||    11
       Petrified         |       |       |       |       |     6 |       |       |       |     2 ||     8
       Held in net/web   |       |       |       |       |       |       |     1 |       |       ||     1
  Eat: Chunk             |     3 |     7 |    10 |    26 |    41 |    26 |    41 |    30 |    73 ||   257
       Ration            |       |       |     1 |     1 |     3 |     5 |     1 |     2 |    52 ||    65
Armor: Scale mail        |    84 |    98 |   165 |   106 |       |       |       |       |       ||   453
       Plate armour      |       |       |       |   100 |   284 |  1540 |   811 |   360 |  3438 ||  6533
       Ring mail         |       |       |       |   169 |   262 |       |       |       |       ||   431
       Gold dragon scale |       |       |       |       |       |       |   123 |   423 |       ||   546
Dodge: Dodged            |    56 |    75 |   153 |   348 |   626 |  1130 |   750 |   817 |  6663 || 10618
       Deflected         |       |       |       |       |       |       |       |       |    44 ||    44
Block: Shield            |     5 |       |       |       |       |       |       |       |       ||     5
       Buckler           |       |       |    15 |   314 |   589 |  1652 |  1450 |  1377 |  8467 || 13864
       Reflection        |       |       |       |     3 |    11 |    26 |   107 |   104 |   355 ||   606
